 Dungeon Crawl Stone Soup version 0.30-a0-161-gdd60e06945 (webtiles) character file.

Game seed: 13443495336087263805

20282 qw the Cleaver (level 12, 0/76 HPs)
             Began as a Gargoyle Fighter on Sept 27, 2022.
             Was a High Priest of Okawaru.
             Slain by a minotaur
             ... wielding a +2 triple sword of freezing
              (1 damage)
             ... in a Gauntlet.
             The game lasted 00:05:56 (12741 turns).

qw the Cleaver (Gargoyle Fighter)                  Turns: 12741, Time: 00:05:57

Health: 0/76       AC: 27    Str: 21      XL:     12   Next: 77%
Magic:  7/13       EV:  7    Int:  8 (12) God:    Okawaru [*****.]
Gold:   736        SH: 17    Dex: 10 (11) Spells: 11/11 levels left

rFire   + . .      SeeInvis +    u - +1 war axe of Hota {venom, rC+ Will+ Int+7 Stlth-}
rCold   + . .      Faith    .    y - +0 tower shield
rNeg    + . .      Spirit   .    a - +1 plate armour {rF+}
rPois   inf        Reflect  .    c - +1 hat {Will+}
rElec   +          Harm     .    x - +0 cloak
rCorr   +          Rampage  +    b - +0 pair of gloves
Will    ++...      NoTele   +    r - +0 pair of boots
Stlth   ..........               v - amulet of the Ethereal God {Rampage rElec Regen+ SInv}
HPRegen 1.02/turn                g - ring of resist corrosion
MPRegen 0.13/turn                i - +6 ring of dexterity

@: heroic, finesse-ful
A: sickness immunity, AC +8, negative energy resistance 1, electricity
resistance, torment resistance 1, petrification resistance, clumsy 1[+1],
[deformed body], [deterioration 2], [dopey 2], [low MP 3], [weak 2], [subdued
magic 2]
a: Renounce Religion, Heroism, Finesse, Duel


You were in a Gauntlet.
You worshipped Okawaru.
Okawaru was extremely pleased with you.
You visited 2 branches of the dungeon, and saw 12 of its levels.
You also visited: Gauntlet.

You collected 736 gold pieces.


Innate Abilities, Weirdness & Mutations

You are immune to sickness and miasma.
Your stone body is resilient. (AC +8)
You are immune to poison.
You resist negative energy. (rN+)
You are resistant to electric shocks. (rElec)
You are resistant to unholy torment.
You are immune to petrification.
[You are very clumsy. (Dex -4)]
[Armour fits poorly on your strangely shaped body.]
[Your body often deteriorates upon taking damage.]
[You are very dopey. (Int -4)]
[Your magical capacity is extremely low. (-30% MP)]
[You are very weak. (Str -4)]
[Your spells are easier to cast, but less powerful.]


   Skills:
 - Level 9.0(14.0) Fighting
 - Level 12.0(17.0) Axes
 - Level 2.0(7.0) Throwing
 - Level 8.9(13.9) Armour
 - Level 3.0(8.0) Dodging
 + Level 8.9(13.9) Shields
 - Level 10.0 Invocations


You had 11 spell levels left.
You didn't know any spells.
Your spell library was empty.

Inventory:

Hand Weapons
 j - a +2 morningstar of flaming
 u - the +1 war axe of Hota (weapon) {venom, rC+ Will+ Int+7 Stlth-}
   (You took it off a tengu conjurer on level 8 of the Dungeon)

   It poisons the flesh of those it strikes.
   Int:       It affects your intelligence (+7).
   rC:        It protects you from cold.
   Will:      It increases your willpower.
   Stlth:     It makes you less stealthy.
Missiles
 o - 5 boomerangs
 s - 2 silver boomerangs (quivered)
Armour
 a - a +1 plate armour of fire resistance (worn)
 b - a +0 pair of gloves (worn)
 c - a +1 hat of willpower (worn)
 p - the +10 plate armour of the Serpent {Harm Int+4}
   (You found it on level 5 of the Dungeon)

   Int:       It affects your intelligence (+4).
   Harm:      It increases damage dealt and taken.
 r - a +0 pair of boots (worn)
 t - +0 acid dragon scales
 x - a +0 cloak (worn)
 y - a +0 tower shield (worn)
Jewellery
 g - a ring of resist corrosion (left hand)
 i - a +6 ring of dexterity (right hand)
 k - an amulet of reflection
 n - a ring of positive energy
 v - the amulet of the Ethereal God (around neck) {Rampage rElec Regen+ SInv}
   (You took it off a tengu conjurer on level 8 of the Dungeon)

   [amulet of regeneration]

   rElec:     It insulates you from electricity.
   SInv:      It lets you see invisible.
   Regen:     It increases your rate of health regeneration.
   Rampage:   It bestows one free step when moving towards enemies.
Scrolls
 e - 12 scrolls of identify
 h - 8 scrolls of teleportation
Potions
 d - 2 potions of might
 f - a potion of attraction
 l - 2 potions of lignification
 m - 2 potions of haste
 q - 2 potions of resistance
 w - 2 potions of mutation

Dungeon Overview and Level Annotations

Branches:
Dungeon (11/15)            Temple (0/1) D:7            Lair (1/5) D:11
Gauntlet (1/1)
    Orc: D:9-12

Altars:
Fedhas
Hepliaklqana
Makhleb
Okawaru
Ru
Trog
Xom
Zin

Annotations:
D:9 2 transporters, qw's ghost, journeyman GrFi Gauntlet 10 transporters


Message History

You barely miss the minotaur.
The minotaur is moderately wounded.
You hit the minotaur but do no damage.
The minotaur looks as sick as possible!
The minotaur is moderately wounded.
The minotaur hits you with a +2 triple sword of freezing!
The minotaur freezes you.
The minotaur gores you but does no damage.
You hit the minotaur but do no damage.
The minotaur looks as sick as possible!
The minotaur is heavily wounded.
You barely miss the minotaur.
The minotaur is heavily wounded.
You block the minotaur's attack. The minotaur gores you.
You hit the minotaur but do no damage.
The minotaur looks as sick as possible!
The minotaur is heavily wounded.
You barely miss the minotaur.
The minotaur furiously retaliates!
The minotaur headbutts you, but does no damage.
The minotaur is heavily wounded.
The minotaur hits you with a +2 triple sword of freezing!!
The minotaur freezes you. The minotaur gores you.
You hit the minotaur.
The minotaur looks as sick as possible!
The minotaur is heavily wounded.
You hit the minotaur but do no damage.
The minotaur looks as sick as possible!
The minotaur is heavily wounded.
You slice the minotaur!!
The minotaur looks as sick as possible!
The minotaur is severely wounded.
The minotaur hits you but does no damage.
The minotaur gores you.
You hit the minotaur but do no damage.
The minotaur looks as sick as possible!
The minotaur is severely wounded.
You hit the minotaur.
The minotaur looks as sick as possible!
The minotaur is almost dead.
You block the minotaur's attack. x2
You hit the minotaur.
The minotaur looks as sick as possible!
The minotaur is almost dead.
You barely miss the minotaur.
The minotaur is almost dead.
The minotaur hits you with a +2 triple sword of freezing!
Your body deteriorates!
You feel clumsy. The minotaur freezes you.
You die...

##...#..#..## #.#
...8.####.#.. #..
#.....^#.#.. ..#
.##.8.####..##
#.##......#..#..|.
#....##.8.#..#####
######.##.##...#~......
###\...H.##....8.#\......
#.######@...##...#¤......
##.##....##.##.8.#..#####
##....##.##......#..#..#.
#..##.##....##.8.#####..#
##.##....##.##.....^#.#..
#....##.##....8.####..#.
####.##....##...#..##..#
##########~8¤#..#.#..
#####..#..#.


You could see a minotaur (extremely poisoned).

Vanquished Creatures
  A centaur warrior (D:8)
  3 two-headed ogres
  A wretched star (Gauntlet)
  2 ugly things (D:8)
  2 cyclopes
  An elephant (D:11)
  A manticore (D:10)
  2 black mambas (Lair:1)
  A gargoyle (D:8)
  An eye of devastation (Gauntlet)
  An unseen horror (D:11)
  Maggie (D:8)
  3 kobold demonologists (D:9)
  A komodo dragon (D:8)
  2 tengu conjurers
  A troll (D:9)
  A slime creature (D:8)
  19 yaks
  3 shadows
  5 basilisks
  2 wyverns
  A wraith (D:10)
  A ynoxinul (Gauntlet)
  A small abomination (Gauntlet)
  3 steam dragons
  A golden eye (Gauntlet)
  A neqoxec (Gauntlet)
  An acid dragon (D:9)
  A warg (D:7)
  2 water moccasins (Lair:1)
  A floating eye (Gauntlet)
  8 orc warriors
  2 sky beasts
  2 black bears
  4 centaurs
  6 ogres
  8 kobold brigands
  2 phantoms
  3 bullfrogs
  4 scorpions
  Blork the orc (D:5)
  A necrophage (D:6)
  4 gnoll sergeants
  3 wights (D:9)
  4 killer bees (D:10)
  14 howler monkeys
  9 hounds
  3 jellies
  6 orc priests
  2 iron imps (Gauntlet)
  A gnoll bouda (D:8)
  2 iguanas
  13 orc wizards
  14 gnolls
  8 adders
  2 shadow imps (D:8)
  A white imp (D:6)
  3 worms
  2 dart slugs (D:4)
  48 orcs
  11 endoplasms
  8 giant cockroaches
  11 goblins
  10 hobgoblins
  2 jackals (D:2)
  34 kobolds
  5 quokkas
  9 ball pythons
  6 bats
  5 frilled lizards
  9 rats
  2 butterflies (D:9)
359 creatures vanquished.

Vanquished Creatures (others)
  14 demonic plants (Gauntlet)
  A fungus (D:11)
  35 plants
50 creatures vanquished.

Grand Total: 409 creatures vanquished

Notes
Turn   | Place    | Note
-------+----------+-------------------------------------------
     0 | D:1      | qw the Gargoyle Fighter began the quest for the Orb.
     0 | D:1      | Reached XP level 1. HP: 14/14 MP: 1/1
     0 | D:1      | 0 ||| qw: Version: 0.2-a-10-g37ed214
     0 | D:1      | 0 ||| qw: Game counter: 673
     0 | D:1      | 0 ||| qw: Always use a shield: true
     0 | D:1      | 0 ||| qw: God list: Okawaru
     0 | D:1      | 0 ||| qw: Allow faded altars: false
     0 | D:1      | 0 ||| qw: Do Orc after D:15 true
     0 | D:1      | 0 ||| qw: Do second Lair branch before Depths: true
     0 | D:1      | 0 ||| qw: Lair rune preference: random
     0 | D:1      | 0 ||| qw: Plans: Normal, Zot:1-4, God:TSO, Crypt, Tomb,
                  | Pan, Slime:5, Hells, Abyss, Orb
     0 | D:1      | 0 ||| PLANNING D:1-11
   157 | D:1      | Reached skill level 2 in Axes
   251 | D:1      | Reached XP level 2. HP: 19/19 MP: 2/2
   480 | D:1      | 480 ||| Stepping ~*~*~tactically~*~*~ (stealth).
   484 | D:1      | 484 ||| Stepping ~*~*~tactically~*~*~ (stealth).
   485 | D:1      | 485 ||| Stepping ~*~*~tactically~*~*~ (stealth).
   486 | D:1      | 486 ||| Stepping ~*~*~tactically~*~*~ (stealth).
   628 | D:1      | Reached skill level 3 in Axes
   652 | D:1      | Reached XP level 3. HP: 21/23 MP: 3/3
   758 | D:1      | 758 ||| Stepping ~*~*~tactically~*~*~ (stealth).
  1121 | D:1      | 1121 ||| UPGRADING to +0 plate armour.
  1131 | D:1      | 1131 ||| DROPPING +0 scale mail.
  1132 | D:1      | 1132 ||| READING scroll labelled FOFAIRGH DUON.
  1133 | D:1      | 1133 ||| READING scroll labelled TINWOPPYERA.
  1134 | D:1      | 1134 ||| READING scroll labelled BENONTE YCKO.
  1135 | D:1      | 1135 ||| READING scroll labelled NIUXAUTWEXT.
  1403 | D:2      | Reached XP level 4. HP: 28/28 MP: 4/4
  1426 | D:2      | 1426 ||| Stepping ~*~*~tactically~*~*~ (stealth).
  1466 | D:2      | You fall into a shaft and drop 2 floors!
  1512 | D:4      | 1512 ||| PLANNING SEWER
  1553 | D:4      | Reached skill level 4 in Axes
  1581 | D:4      | 1581 ||| DROPPING +1 vorpal hand axe.
  1582 | D:4      | Found a glowing silver altar of Zin.
  1737 | D:4      | 1737 ||| Stepping ~*~*~tactically~*~*~ (stealth).
  1742 | D:4      | 1742 ||| Stepping ~*~*~tactically~*~*~ (stealth).
  1744 | D:4      | 1744 ||| Stepping ~*~*~tactically~*~*~ (stealth).
  1877 | D:4      | Reached XP level 5. HP: 24/32 MP: 5/5
  1904 | D:4      | 1904 ||| Stepping ~*~*~tactically~*~*~ (stealth).
  2202 | D:4      | 2202 ||| RIP SEWER
  2264 | D:4      | 2264 ||| PLANNING D:1-11
  2264 | D:4      | 2264 ||| FLEEEEING.
  2266 | D:4      | 2266 ||| Stepping ~*~*~tactically~*~*~ (stealth).
  2268 | D:4      | Reached skill level 5 in Axes
  2274 | D:4      | 2274 ||| UPGRADING to +1 plate armour of fire resistance.
  2284 | D:4      | 2284 ||| UPGRADING to +0 pair of gloves.
  2289 | D:4      | 2289 ||| DROPPING +0 plate armour.
  2290 | D:4      | 2290 ||| UPGRADING to ring of resist corrosion.
  2291 | D:4      | 2291 ||| READING 2 scrolls labelled NAAGOCS SINUY.
  2292 | D:4      | 2292 ||| READING scroll labelled CUTUIPH XISOAME.
  2295 | D:4      | 2295 ||| READING scroll labelled RUEDEURAUK.
  2296 | D:4      | 2296 ||| READING scroll labelled KIYXIJ CINT.
  2310 | D:4      | 2310 ||| Stepping ~*~*~tactically~*~*~ (hiding).
  2416 | D:4      | 2416 ||| Stepping ~*~*~tactically~*~*~ (stealth).
  2427 | D:4      | 2427 ||| Stepping ~*~*~tactically~*~*~ (stealth).
  2436 | D:4      | 2436 ||| Stepping ~*~*~tactically~*~*~ (stealth).
  2480 | D:4      | 2480 ||| DROPPING +0 whip.
  2584 | D:3      | 2584 ||| Stepping ~*~*~tactically~*~*~ (stealth).
  2585 | D:3      | 2585 ||| Stepping ~*~*~tactically~*~*~ (stealth).
  2615 | D:3      | Reached XP level 6. HP: 37/38 MP: 6/6
  2654 | D:3      | 2654 ||| Stepping ~*~*~tactically~*~*~ (stealth).
  2765 | D:3      | Found a faded altar of an unknown god.
  2918 | D:3      | Found an iron altar of Okawaru.
  2919 | D:3      | 2919 ||| PLANNING OKAWARU WORSHIP
  2919 | D:3      | 2919 ||| UPGRADING to amulet of reflection.
  2924 | D:3      | 2924 ||| UPGRADING to +6 ring of dexterity.
  2925 | D:3      | 2925 ||| READING scroll labelled ROECIU ZIZXASA.
  2926 | D:3      | 2926 ||| READING 2 scrolls of identify.
  2926 | D:3      | 2926 ||| IDENTIFYING glowing green potion
  2927 | D:3      | 2927 ||| DROPPING potion of brilliance.
  2940 | D:3      | Became a worshipper of Warmaster Okawaru
  2941 | D:3      | 2941 ||| PLANNING D:1-11
  3015 | D:3      | 3015 ||| Stepping ~*~*~tactically~*~*~ (hiding).
  3103 | D:3      | 3103 ||| DRINKING 2 metallic yellow potions.
  3147 | D:3      | 3147 ||| READING 2 scrolls of identify.
  3147 | D:3      | 3147 ||| IDENTIFYING black potion
  3148 | D:3      | 3148 ||| DROPPING potion of flight.
  3263 | D:2      | Found a burning altar of Makhleb.
  3575 | D:2      | 3575 ||| DROPPING ring of magical power.
  3576 | D:2      | 3576 ||| READING scroll labelled XOOMEA DOWIS.
  3577 | D:2      | 3577 ||| READING 2 scrolls of identify.
  3577 | D:2      | 3577 ||| IDENTIFYING white potion
  3704 | D:3      | Found a bloodstained altar of Trog.
  4074 | D:4      | Reached skill level 1 in Dodging
  4122 | D:4      | 4122 ||| Stepping ~*~*~tactically~*~*~ (stealth).
  4126 | D:4      | 4126 ||| Stepping ~*~*~tactically~*~*~ (stealth).
  4171 | D:5      | Entered Level 5 of the Dungeon
  4286 | D:5      | Noticed Blork the orc
  4294 | D:5      | Killed Blork the orc
  4347 | D:5      | Reached skill level 6 in Axes
  4508 | D:5      | Reached XP level 7. HP: 43/43 MP: 7/7
  4649 | D:5      | Found a blossoming altar of Fedhas.
  4682 | D:5      | Identified the +10 plate armour of the Serpent {Harm Int+4}
  4715 | D:5      | 4715 ||| Stepping ~*~*~tactically~*~*~ (hiding).
  4725 | D:5      | Reached * piety under Okawaru
  4822 | D:5      | 4822 ||| INVOKING Heroism.
  4828 | D:5      | Reached skill level 1 in Invocations
  5079 | D:5      | 5079 ||| STAIRDANCE
  5120 | D:5      | 5120 ||| READING 3 scrolls of identify.
  5120 | D:5      | 5120 ||| IDENTIFYING murky yellow potion
  5180 | D:6      | 5180 ||| INVOKING Heroism.
  5243 | D:6      | Reached skill level 7 in Axes
  5243 | D:6      | Reached skill level 3 in Invocations
  5243 | D:6      | Reached XP level 8. HP: 45/48 MP: 10/10
  5279 | D:6      | 5279 ||| INVOKING Heroism.
  5612 | D:6      | 5612 ||| Stepping ~*~*~tactically~*~*~ (hiding).
  5810 | D:6      | Reached ** piety under Okawaru
  5817 | D:6      | 5817 ||| UPGRADING to +0 pair of boots.
  5822 | D:6      | 5822 ||| READING scroll labelled BIXI ULEETTOA.
  5823 | D:6      | 5823 ||| DRINKING 2 yellow potions.
  5824 | D:6      | 5824 ||| READING 3 scrolls of identify.
  5824 | D:6      | 5824 ||| IDENTIFYING glowing puce potion
  5825 | D:6      | 5825 ||| DROPPING potion of degeneration.
  5826 | D:6      | 5826 ||| DROPPING potion of invisibility.
  5871 | D:7      | 5871 ||| INVOKING Heroism.
  5885 | D:7      | 5885 ||| FLEEEEING.
  5886 | D:7      | 5886 ||| STAIRDANCE
  6007 | D:7      | 6007 ||| STAIRDANCE
  6009 | D:6      | 6009 ||| INVOKING Heroism.
  6017 | D:6      | Reached XP level 9. HP: 54/54 MP: 9/12
  6118 | D:7      | 6118 ||| Stepping ~*~*~tactically~*~*~ (stealth).
  6119 | D:7      | 6119 ||| Stepping ~*~*~tactically~*~*~ (stealth).
  6121 | D:7      | 6121 ||| Stepping ~*~*~tactically~*~*~ (hiding).
  6122 | D:7      | 6122 ||| Stepping ~*~*~tactically~*~*~ (hiding).
  6123 | D:7      | 6123 ||| Stepping ~*~*~tactically~*~*~ (hiding).
  6134 | D:7      | Reached skill level 8 in Axes
  6214 | D:7      | Found a staircase to the Ecumenical Temple.
  6242 | D:7      | 6242 ||| INVOKING Heroism.
  6243 | D:7      | 6243 ||| Stepping ~*~*~tactically~*~*~ (stealth).
  6244 | D:7      | 6244 ||| Stepping ~*~*~tactically~*~*~ (stealth).
  6256 | D:7      | 6256 ||| Stepping ~*~*~tactically~*~*~ (hiding).
  6263 | D:7      | Reached *** piety under Okawaru
  6264 | D:7      | Reached skill level 6 in Fighting
  6405 | D:7      | 6405 ||| INVOKING Heroism.
  6473 | D:7      | 6473 ||| INVOKING Heroism.
  6485 | D:7      | Reached skill level 9 in Axes
  6539 | D:7      | 6539 ||| INVOKING Heroism.
  6675 | D:7      | 6675 ||| Stepping ~*~*~tactically~*~*~ (stealth).
  6683 | D:7      | 6683 ||| INVOKING Heroism.
  6732 | D:7      | 6732 ||| Stepping ~*~*~tactically~*~*~ (hiding).
  6736 | D:7      | 6736 ||| Stepping ~*~*~tactically~*~*~ (hiding).
  6739 | D:7      | 6739 ||| INVOKING Heroism.
  6781 | D:7      | 6781 ||| INVOKING Heroism.
  6805 | D:7      | 6805 ||| INVOKING Heroism.
  6810 | D:7      | Reached skill level 6 in Armour
  6831 | D:7      | 6831 ||| Stepping ~*~*~tactically~*~*~ (stealth).
  6832 | D:7      | 6832 ||| Stepping ~*~*~tactically~*~*~ (stealth).
  6833 | D:7      | 6833 ||| Stepping ~*~*~tactically~*~*~ (stealth).
  6835 | D:7      | 6835 ||| Stepping ~*~*~tactically~*~*~ (hiding).
  6836 | D:7      | 6836 ||| INVOKING Heroism.
  6858 | D:7      | 6858 ||| INVOKING Heroism.
  6870 | D:7      | 6870 ||| Stepping ~*~*~tactically~*~*~ (stealth).
  6873 | D:7      | 6873 ||| Stepping ~*~*~tactically~*~*~ (stealth).
  6882 | D:7      | 6882 ||| Stepping ~*~*~tactically~*~*~ (stealth).
  6884 | D:7      | 6884 ||| FLEEEEING.
  6885 | D:7      | 6885 ||| FLEEEEING.
  6886 | D:7      | 6886 ||| FLEEEEING.
  6887 | D:7      | 6887 ||| FLEEEEING.
  6888 | D:7      | 6888 ||| FLEEEEING.
  6889 | D:7      | 6889 ||| FLEEEEING.
  6890 | D:7      | 6890 ||| FLEEEEING.
  6891 | D:7      | 6891 ||| FLEEEEING.
  6892 | D:7      | 6892 ||| FLEEEEING.
  6893 | D:7      | 6893 ||| FLEEEEING.
  6894 | D:7      | 6894 ||| FLEEEEING.
  6896 | D:7      | 6896 ||| FLEEEEING.
  6897 | D:7      | 6897 ||| FLEEEEING.
  6906 | D:7      | 6906 ||| FLEEEEING.
  6907 | D:7      | 6907 ||| FLEEEEING.
  6908 | D:7      | 6908 ||| FLEEEEING.
  6909 | D:7      | 6909 ||| FLEEEEING.
  6910 | D:7      | 6910 ||| FLEEEEING.
  6911 | D:7      | 6911 ||| FLEEEEING.
  6912 | D:7      | 6912 ||| FLEEEEING.
  6913 | D:7      | 6913 ||| FLEEEEING.
  6914 | D:7      | 6914 ||| FLEEEEING.
  6915 | D:7      | 6915 ||| FLEEEEING.
  6916 | D:7      | 6916 ||| FLEEEEING.
  6917 | D:7      | 6917 ||| FLEEEEING.
  6918 | D:7      | 6918 ||| FLEEEEING.
  6919 | D:7      | 6919 ||| STAIRDANCE
  6990 | D:6      | 6990 ||| READING scroll labelled KIRHOF KINKANYNIST.
  7063 | D:7      | 7063 ||| INVOKING Heroism.
  7072 | D:7      | Reached XP level 10. HP: 44/63 MP: 11/13
  7148 | D:7      | 7148 ||| INVOKING Heroism.
  7161 | D:7      | 7161 ||| Stepping ~*~*~tactically~*~*~ (water).
  7208 | D:7      | 7208 ||| Stepping ~*~*~tactically~*~*~ (hiding).
  7253 | D:7      | 7253 ||| Stepping ~*~*~tactically~*~*~ (stealth).
  7271 | D:7      | 7271 ||| Stepping ~*~*~tactically~*~*~ (stealth).
  7279 | D:7      | 7279 ||| INVOKING Heroism.
  7281 | D:7      | 7281 ||| Stepping ~*~*~tactically~*~*~ (hiding).
  7283 | D:7      | 7283 ||| Stepping ~*~*~tactically~*~*~ (hiding).
  7299 | D:7      | Reached skill level 10 in Axes
  7314 | D:7      | 7314 ||| Stepping ~*~*~tactically~*~*~ (stealth).
  7347 | D:7      | Noticed a two-headed ogre
  7348 | D:7      | 7348 ||| INVOKING Heroism.
  7354 | D:7      | Killed a two-headed ogre
  7354 | D:7      | Reached **** piety under Okawaru
  7484 | D:7      | 7484 ||| Stepping ~*~*~tactically~*~*~ (stealth).
  7485 | D:7      | 7485 ||| Stepping ~*~*~tactically~*~*~ (stealth).
  7814 | D:8      | 7814 ||| Stepping ~*~*~tactically~*~*~ (stealth).
  7816 | D:8      | 7816 ||| Stepping ~*~*~tactically~*~*~ (stealth).
  7820 | D:8      | 7820 ||| INVOKING Heroism.
  7938 | D:8      | 7938 ||| INVOKING Heroism.
  7961 | D:8      | 7961 ||| INVOKING Heroism.
  8061 | D:8      | Noticed a gargoyle
  8072 | D:8      | Killed a gargoyle
  8076 | D:8      | Noticed a centaur warrior
  8077 | D:8      | 8077 ||| Stepping ~*~*~tactically~*~*~ (stealth).
  8082 | D:8      | 8082 ||| INVOKING Heroism.
  8083 | D:8      | Identified the +1 robe of the Saviour {Rampage *Corrode
                  | rC++ Stlth+}
  8089 | D:8      | Killed a centaur warrior
  8090 | D:8      | Reached skill level 6 in Invocations
  8102 | D:8      | 8102 ||| Stepping ~*~*~tactically~*~*~ (stealth).
  8103 | D:8      | 8103 ||| Stepping ~*~*~tactically~*~*~ (stealth).
  8106 | D:8      | 8106 ||| FLEEEEING.
  8302 | D:8      | 8302 ||| DROPPING +0 flail.
  8303 | D:8      | Noticed a white ugly thing
  8304 | D:8      | 8304 ||| Stepping ~*~*~tactically~*~*~ (stealth).
  8305 | D:8      | Identified the +1 war axe of Hota {venom, rC+ Will+ Int+7
                  | Stlth-}
  8305 | D:8      | Identified the amulet of the Ethereal God {Rampage rElec
                  | Regen+ SInv}
  8306 | D:8      | 8306 ||| INVOKING Heroism.
  8318 | D:8      | Killed a green ugly thing
  8318 | D:8      | Reached ***** piety under Okawaru
  8318 | D:8      | Noticed a white ugly thing
  8319 | D:8      | Reached XP level 11. HP: 28/68 MP: 13/16
  8323 | D:8      | Killed a white ugly thing
  8331 | D:8      | 8331 ||| Stepping ~*~*~tactically~*~*~ (stealth).
  8333 | D:8      | HP: 14/68 [tengu conjurer/bolt of lightning (5)]
  8334 | D:8      | 8334 ||| READING 6 scrolls of teleportation.
  8335 | D:8      | 8335 ||| INVOKING Heroism.
  8714 | D:8      | 8714 ||| Stepping ~*~*~tactically~*~*~ (stealth).
  8716 | D:8      | 8716 ||| Stepping ~*~*~tactically~*~*~ (hiding).
  8723 | D:8      | Noticed Maggie
  8724 | D:8      | 8724 ||| INVOKING Heroism.
  8750 | D:8      | Killed Maggie
  8765 | D:8      | 8765 ||| DROPPING +0 morningstar.
  8817 | D:8      | 8817 ||| Stepping ~*~*~tactically~*~*~ (stealth).
  8819 | D:8      | 8819 ||| Stepping ~*~*~tactically~*~*~ (stealth).
  8992 | D:8      | 8992 ||| INVOKING Heroism.
  8994 | D:8      | 8994 ||| Stepping ~*~*~tactically~*~*~ (stealth).
  9150 | D:8      | 9150 ||| SWAPPING to +1 war axe of Hota {venom, rC+ Will+
                  | Int+7 Stlth-}.
  9151 | D:8      | 9151 ||| DROPPING +1 war axe.
  9186 | D:8      | Noticed a cyclops
  9187 | D:8      | 9187 ||| INVOKING Heroism.
  9189 | D:8      | 9189 ||| Stepping ~*~*~tactically~*~*~ (hiding).
  9195 | D:8      | Killed a cyclops
  9231 | D:8      | 9231 ||| UPGRADING to amulet of the Ethereal God {Rampage
                  | rElec Regen+ SInv}.
  9324 | D:9      | 9324 ||| Stepping ~*~*~tactically~*~*~ (stealth).
  9328 | D:9      | 9328 ||| Stepping ~*~*~tactically~*~*~ (stealth).
  9348 | D:9      | 9348 ||| INVOKING Heroism.
  9357 | D:9      | 9357 ||| Stepping ~*~*~tactically~*~*~ (stealth).
  9368 | D:9      | 9368 ||| INVOKING Finesse.
  9414 | D:9      | 9414 ||| Stepping ~*~*~tactically~*~*~ (hiding).
  9424 | D:9      | 9424 ||| INVOKING Heroism.
  9450 | D:9      | Found a shimmering altar of Xom.
  9462 | D:9      | Found a sacrificial altar of Ru.
  9492 | D:9      | 9492 ||| Stepping ~*~*~tactically~*~*~ (stealth).
  9494 | D:9      | 9494 ||| Stepping ~*~*~tactically~*~*~ (stealth).
  9496 | D:9      | 9496 ||| Stepping ~*~*~tactically~*~*~ (stealth).
  9498 | D:9      | 9498 ||| Stepping ~*~*~tactically~*~*~ (stealth).
  9499 | D:9      | 9499 ||| INVOKING Heroism.
  9518 | D:9      | Reached skill level 11 in Axes
  9526 | D:9      | Reached skill level 9 in Invocations
  9576 | D:9      | 9576 ||| Stepping ~*~*~tactically~*~*~ (hiding).
  9580 | D:9      | 9580 ||| Stepping ~*~*~tactically~*~*~ (hiding).
  9581 | D:9      | 9581 ||| Stepping ~*~*~tactically~*~*~ (hiding).
  9637 | D:9      | Noticed qw's ghost (journeyman GrFi)
  9638 | D:9      | Found a transporter.
  9638 | D:9      | Identified the +6 dire flail of Buom {freeze, rPois Will+
                  | SInv}
  9638 | D:9      | Identified the +9 great mace of War {vorpal, rPois Will+
                  | Int+4}
  9638 | D:9      | Noticed a two-headed ogre
  9638 | D:9      | Noticed a two-headed ogre
  9639 | D:9      | Noticed a two-headed ogre
  9639 | D:9      | Noticed a two-headed ogre
  9639 | D:9      | Noticed a two-headed ogre
  9642 | D:9      | Found a transporter.
  9661 | D:9      | 9661 ||| Stepping ~*~*~tactically~*~*~ (hiding).
  9921 | D:9      | 9921 ||| Stepping ~*~*~tactically~*~*~ (stealth).
  9924 | D:9      | Found a hazy altar of Hepliaklqana.
  9925 | D:9      | 9925 ||| Stepping ~*~*~tactically~*~*~ (stealth).
  9926 | D:9      | 9926 ||| Stepping ~*~*~tactically~*~*~ (stealth).
  9927 | D:9      | 9927 ||| Stepping ~*~*~tactically~*~*~ (stealth).
  9929 | D:9      | 9929 ||| Stepping ~*~*~tactically~*~*~ (hiding).
  9931 | D:9      | 9931 ||| Stepping ~*~*~tactically~*~*~ (hiding).
 10086 | D:9      | 10086 ||| Stepping ~*~*~tactically~*~*~ (stealth).
 10088 | D:9      | 10088 ||| Stepping ~*~*~tactically~*~*~ (hiding).
 10092 | D:9      | 10092 ||| INVOKING Heroism.
 10133 | D:9      | 10133 ||| FLEEEEING.
 10134 | D:9      | 10134 ||| FLEEEEING.
 10135 | D:9      | 10135 ||| FLEEEEING.
 10136 | D:9      | 10136 ||| FLEEEEING.
 10146 | D:9      | 10146 ||| FLEEEEING.
 10147 | D:9      | 10147 ||| FLEEEEING.
 10148 | D:9      | 10148 ||| FLEEEEING.
 10177 | D:9      | 10177 ||| INVOKING Heroism.
 10364 | D:9      | 10364 ||| READING 8 scrolls of identify.
 10364 | D:9      | 10364 ||| IDENTIFYING fuming coppery potion
 10386 | D:10     | Entered Level 10 of the Dungeon
 10390 | D:10     | 10390 ||| Stepping ~*~*~tactically~*~*~ (stealth).
 10425 | D:10     | 10425 ||| Stepping ~*~*~tactically~*~*~ (stealth).
 10431 | D:10     | 10431 ||| INVOKING Heroism.
 10444 | D:10     | Received a gift from Okawaru
 10447 | D:10     | Reached skill level 9 in Fighting
 10639 | D:10     | 10639 ||| Stepping ~*~*~tactically~*~*~ (stealth).
 10710 | D:10     | 10710 ||| Stepping ~*~*~tactically~*~*~ (stealth).
 10721 | D:10     | Reached XP level 12. HP: 72/76 MP: 19/19
 10763 | D:10     | 10763 ||| INVOKING Heroism.
 10960 | D:10     | 10960 ||| DROPPING +6 ring of intelligence.
 10961 | D:10     | 10961 ||| READING scroll labelled HER FAJONOA.
 10962 | D:10     | 10962 ||| READING 10 scrolls of identify.
 10962 | D:10     | 10962 ||| IDENTIFYING fuming silvery potion
 10976 | D:11     | Noticed a two-headed ogre
 10978 | D:11     | 10978 ||| STAIRDANCE
 10985 | D:10     | 10985 ||| INVOKING Heroism.
 10987 | D:10     | Killed a two-headed ogre
 11010 | D:11     | Noticed a two-headed ogre
 11011 | D:11     | 11011 ||| STAIRDANCE
 11022 | D:10     | Killed a two-headed ogre
 11022 | D:10     | Received a gift from Okawaru
 11024 | D:10     | Reached skill level 12 in Axes
 11067 | D:11     | 11067 ||| INVOKING Heroism.
 11092 | D:11     | 11092 ||| Stepping ~*~*~tactically~*~*~ (stealth).
 11125 | D:11     | Reached skill level 3 in Dodging
 11163 | D:11     | Found a staircase to the Lair.
 11186 | D:11     | Reached skill level 6 in Shields
 11256 | D:11     | 11256 ||| Stepping ~*~*~tactically~*~*~ (hiding).
 11289 | D:11     | 11289 ||| Stepping ~*~*~tactically~*~*~ (stealth).
 11293 | D:11     | 11293 ||| Stepping ~*~*~tactically~*~*~ (hiding).
 11295 | D:11     | 11295 ||| Stepping ~*~*~tactically~*~*~ (hiding).
 11794 | D:11     | 11794 ||| PLANNING LAIR
 11794 | D:11     | 11794 ||| UPGRADING to +0 tower shield.
 11804 | D:11     | 11804 ||| DROPPING +0 buckler.
 11805 | D:11     | 11805 ||| DROPPING amulet of regeneration.
 11806 | D:11     | 11806 ||| READING scroll labelled VUHINW KOGE.
 11853 | Lair:1   | Entered Level 1 of the Lair of Beasts
 11854 | Lair:1   | 11854 ||| PLANNING GAUNTLET
 11863 | Lair:1   | 11863 ||| Stepping ~*~*~tactically~*~*~ (stealth).
 11876 | Lair:1   | 11876 ||| INVOKING Heroism.
 12040 | Lair:1   | Found a gate leading to a gauntlet.
 12052 | Lair:1   | 12052 ||| INVOKING Heroism.
 12096 | Lair:1   | 12096 ||| UPGRADING to +0 cloak.
 12101 | Lair:1   | 12101 ||| READING scroll labelled SUMEQ ZU CAZEI.
 12108 | Gauntlet | Entered a Gauntlet
 12108 | Gauntlet | Found a transporter.
 12108 | Gauntlet | Found a transporter.
 12112 | Gauntlet | Found a transporter.
 12112 | Gauntlet | Found a transporter.
 12124 | Gauntlet | Found a transporter.
 12132 | Gauntlet | Found a transporter.
 12132 | Gauntlet | Found a transporter.
 12133 | Gauntlet | Noticed a wretched star
 12133 | Gauntlet | Noticed a green death
 12136 | Gauntlet | Found a transporter.
 12142 | Gauntlet | Found a transporter.
 12176 | Gauntlet | Found a transporter.
 12200 | Gauntlet | Found a transporter.
 12240 | Gauntlet | Found a transporter.
 12256 | Gauntlet | Found a transporter.
 12270 | Gauntlet | Found a transporter.
 12370 | Gauntlet | Found a transporter.
 12383 | Gauntlet | Noticed a catoblepas
 12391 | Gauntlet | Found a transporter.
 12480 | Gauntlet | Paralysed by a floating eye for 4 turns
 12485 | Gauntlet | 12485 ||| DRINKING potion of curing.
 12485 | Gauntlet | 12485 ||| (to cure confusion)
 12502 | Gauntlet | 12502 ||| INVOKING Heroism.
 12503 | Gauntlet | Paralysed by a floating eye for 4 turns
 12505 | Gauntlet | HP: 18/76 [disintegration (33)]
 12589 | Gauntlet | 12589 ||| INVOKING Heroism.
 12630 | Gauntlet | Gained mutation: [You are clumsy. (Dex -2)] [a neqoxec]
 12651 | Gauntlet | Killed a wretched star
 12666 | Gauntlet | 12666 ||| UPGRADING to +1 hat of willpower.
 12713 | Gauntlet | Found the +3 crown of Dyrovepreva {rElec Int+2 SInv}
 12713 | Gauntlet | Noticed a minotaur
 12714 | Gauntlet | 12714 ||| INVOKING Heroism.
 12715 | Gauntlet | 12715 ||| INVOKING Finesse.
 12734 | Gauntlet | HP: 15/76 [minotaur/+2 triple sword of freezing (6)]
 12741 | Gauntlet | HP: 1/76 [minotaur/+2 triple sword of freezing (15)]
 12741 | Gauntlet | Slain by a minotaur

Levels and vault maps discovered:
D:1:      tarquinn_simple_flora_water_f, layout_loops_cross,
          dreamdust_wishing_well, minmay_tetromino_o2
D:2:      layout_loops_ring, basic_altar
D:3:      layout_rooms, okawaru_trees_2, trog_butcher_becter,
          shapermc_ecumenical_altar_totnotflames
D:4:      minmay_recursive_quarters, layout_basic, marbit_many_paths,
          portal_sewer_entry_b, nicolae_grassy_gnolls
D:5:      layout_basic, mainiacjoe_overflow_alcove_2,
          hangedman_abyss_or_decor_lesser_grid, nicolae_fountain_basement,
          uniq_blork_the_orc
D:6:      layout_basic, grunt_ministairs_2, roderic_nine_men_s_morris
D:7:      lemuel_castle_with_subvaults [lemuel_castle_interior_carwin_2],
          layout_basic, minmay_temple_entry_large_hall
D:8:      minmay_the_grid_square_5x5_3x3
          [minmay_the_grid_square_5x5_fancy_junction,
          minmay_the_grid_square_5x5_gyroscope,
          minmay_the_grid_square_5x5_eight_small,
          minmay_the_grid_square_5x5_plus,
          minmay_the_grid_square_5x5_megaprize_open,
          minmay_the_grid_square_5x5_three,
          minmay_the_grid_square_5x5_misaligned,
          minmay_the_grid_square_5x5_detours, minmay_the_grid_square_5x5_seven],
          layout_gridville, uniq_maggie
D:9:      layout_basic, nicolae_hepliaklqana_hazy_memory, xom_butterflies,
          mainiacjoe_overflow_tiny_flanked, gammafunk_ghost_smash,
          minmay_misc_feat_diagonals, minmay_misc_feat_alley,
          minmay_tree_intersection, lemuel_flame_loot_1
D:10:     layout_basic
D:11:     nicolae_BIG_FREAKIN_CUBE, layout_loops_ring, david_lair_generic
Lair:1:   layout_roguey, gauntlet_entry_generic, basic_altar, grunt_megastairs_3
Gauntlet: gammafunk_gauntlet_branching [nicolae_gauntlet_arena_grate_2,
          nicolae_gauntlet_arena_t_cross, nicolae_gauntlet_arena_flowing_pool,
          gammafunk_gauntlet_arena_teeth, nicolae_gauntlet_swirl,
          gammafunk_gauntlet_arena_chambers,
          gammafunk_gauntlet_arena_arrow_garden,
          nicolae_gauntlet_arena_quarters, gauntlet_exit_green]

Skill      XL: |  1  2  3  4  5  6  7  8  9 10 11 12 |
---------------+-------------------------------------+-----
Axes           | 2 3 4 5 6 7 9 10 11 12 | 12.0
Fighting       | 4 5 7 8 9 |  9.0
Dodging        | 1 2 3 |  3.0
Armour         | 4 5 6 7 8 |  8.9
Invocations    | 3 4 7 10 | 10.0
Throwing       | 2 |  2.0
Shields        | 4 5 8 |  8.9

Action                   |  1- 3 |  4- 6 |  7- 9 | 10-12 || total
-------------------------+-------+-------+-------+-------++-------
Melee: War axe           |   102 |   171 |   230 |   671 ||  1174
Throw: Boomerang         |       |     8 |    49 |    79 ||   136
Invok: Heroism           |       |       |    16 |    26 ||    42
       Finesse           |       |       |       |     2 ||     2
  Use: Scroll            |     4 |     9 |     4 |     6 ||    23
       Potion            |       |     1 |     1 |     1 ||     3
Armor: Scale mail        |    37 |       |       |       ||    37
       Plate armour      |     7 |   110 |   139 |   292 ||   548
Dodge: Dodged            |    40 |    49 |    55 |   143 ||   287
Block: Buckler           |    22 |    53 |    77 |   171 ||   323
       Reflection        |       |     2 |     2 |     4 ||     8
       Tower shield      |       |       |       |    70 ||    70

Table legend:
 A = Non-vault XP
 B = Vault XP
 C = Vault XP percentage of total XP
 D = Non-vault monster count
 E = Vault monster count
 F = Vault count percentage of total count
                 A         B        C        D         E       F
            +---------+---------+-------+---------+---------+-------
      Total |   16202 |   12773 |  44.1 |     242 |     115 |  32.2
            +---------+---------+-------+---------+---------+-------
        D:1 |      54 |       4 |   6.9 |      33 |       2 |   5.7
        D:2 |      35 |       0 |   0.0 |      12 |       0 |   0.0
        D:3 |      67 |       6 |   8.2 |      25 |       4 |  13.8
        D:4 |     120 |     209 |  63.5 |      17 |      20 |  54.1
        D:5 |     509 |      88 |  14.7 |      14 |       2 |  12.5
        D:6 |     863 |      26 |   2.9 |      16 |       2 |  11.1
        D:7 |     830 |    3646 |  81.5 |      16 |      51 |  76.1
        D:8 |     576 |    5201 |  90.0 |      25 |      19 |  43.2
        D:9 |    2983 |       0 |   0.0 |      32 |       0 |   0.0
       D:10 |    5915 |       0 |   0.0 |      29 |       0 |   0.0
       D:11 |    2057 |    1088 |  34.6 |      14 |       4 |  22.2
     Lair:1 |    2193 |     338 |  13.4 |       9 |       2 |  18.2
   Gauntlet |       0 |    2167 | 100.0 |       0 |       9 | 100.0
            +---------+---------+-------+---------+---------+-------
